[Event "Team 45 45 League T48"]
[Site "Internet Chess Club"]
[Date "2011.02.20"]
[Round "2"]
[White "tyler66"]
[Black "Fogbound"]
[Result "1-0"]
[WhiteElo "1532"]
[BlackElo "1299"]
[Opening "Scandinavian defense"]
[ECO "B01"]
[Time "14:00:21"]
[TimeControl "2700+45"]

1. e4 d5 2. exd5 Nf6 3. Nc3 Nxd5 4. Nxd5 Qxd5 5. d4 Nc6 6. Nf3 Bd7 7. b3 Nb4 8.
c4 Qe4+ 9. Be2 Nc2+ 10. Kf1 Nxa1 11. Bd3 Qg4 12. Be3 Bf5 13. h3 Qh5 14. g4 Bxg4
15. Kg2 Bf5 16. Bxf5 Qxf5 17. Qxa1 h5 18. Qb1 g6 19. Qxf5 gxf5 20. d5 Bh6 21.
Nd4 Rg8+ 22. Kf1 Bxe3 23. fxe3 O-O-O 24. Nxf5 Rg5 25. e4 e6 26. Ne3 exd5 27.
exd5 Re8 28. Kf2 Rge5 29. Re1 f6 30. Ng2 Rf5+ 31. Kg1 Rxe1+ 32. Nxe1 Re5 33. Kf2
b5 34. Nf3 Rf5 35. Ke3 bxc4 36. bxc4 c6 37. Ke4 Rxf3 38. Kxf3 cxd5 39. cxd5 Kd7
40. Ke4 Kd6 41. Kf5 Kxd5 42. Kxf6 Kd6 43. Kg5 Ke7 44. Kxh5 Kf7 45. Kg5 Kg7 46.
Kf5 Kh6 47. Ke6 Kh5 48. a4 Kh4 49. a5 Kxh3 50. Kd6 Kg4 51. Kc7 Kf5 52. Kb7 Ke6
53. Kxa7 Kd7 54. Kb7 Kd8 55. a6 {Black resigns} 1-0

[Event "Team 45 45 League T48"]
[Site "Internet Chess Club"]
[Date "2011.02.26"]
[Round "2"]
[White "Xanther"]
[Black "ars-felidae"]
[Result "1-0"]
[WhiteElo "1494"]
[BlackElo "1450"]
[Opening "Sicilian: Alapin's variation (2.c3)"]
[ECO "B22"]
[Time "12:30:30"]
[TimeControl "2700+45"]

1. e4 c5 2. c3 Nc6 3. d4 e6 4. Nf3 d5 5. exd5 Qxd5 6. Be3 Nf6 7. Bb5 Ng4 8. c4
Qe4 9. d5 exd5 10. cxd5 Nxe3 11. fxe3 Qb4+ 12. Nc3 Qxb2 13. Rc1 a6 14. Bxc6+
bxc6 15. dxc6 Bg4 16. h3 Qxg2 17. Rf1 Qg3+ 18. Ke2 Be7 19. hxg4 O-O 20. Ne4 Qxg4
21. Nxc5 Rad8 22. Qa4 Qg2+ 23. Rf2 Qg6 24. Qe4 Qd6 25. Nb7 Qa3 26. Nxd8 Rxd8 27.
c7 Rc8 28. Qb7 Qxa2+ 29. Nd2 Qe6 30. Rf4 Bd6 31. Re4 Qd7 32. Qc6 {Black resigns}
1-0

[Event "Team 45 45 League T48"]
[Site "Internet Chess Club"]
[Date "2011.02.20"]
[Round "2"]
[White "smsxman"]
[Black "Kristian1974"]
[Result "0-1"]
[WhiteElo "1379"]
[BlackElo "1463"]
[Opening "French defense"]
[ECO "C00"]
[Time "14:00:20"]
[TimeControl "2700+45"]

1. e4 e6 2. Nf3 d5 3. exd5 exd5 4. d4 Bd6 5. Nc3 Nf6 6. Bg5 c6 7. Be2 Nbd7 8.
O-O O-O 9. Re1 h6 10. Bh4 Qb6 11. Rb1 Bb4 12. a3 Bxc3 13. bxc3 Qa5 14. Rb3 Ne4
15. c4 Nc3 16. Qa1 Nxe2+ 17. Rxe2 dxc4 18. Rb4 b6 19. Rxc4 Ba6 20. Re5 Nxe5 21.
Nxe5 Bxc4 22. Nxc4 Qa4 23. Qc3 Rfe8 24. f3 Re2 25. Ne3 Re8 26. Bf2 R8xe3 27.
Bxe3 Rxc2 28. Qd3 Ra2 29. h3 Rxa3 30. Qe4 Qd1+ 31. Kh2 Qe2 32. Qe8+ Kh7 33. Qxf7
Rxe3 34. Qf5+ Kg8 {White resigns} 0-1

[Event "Team 45 45 League T48"]
[Site "Internet Chess Club"]
[Date "2011.02.18"]
[Round "2"]
[White "SeniorCitizen"]
[Black "DrOMM"]
[Result "0-1"]
[WhiteElo "1326"]
[BlackElo "1387"]
[Opening "Caro-Kann: exchange variation"]
[ECO "B13"]
[Time "15:00:31"]
[TimeControl "2700+45"]

1. e4 c6 2. d4 d5 3. exd5 cxd5 4. Bd3 Nc6 5. Nf3 Nf6 6. O-O Nb4 7. c3 Nxd3 8.
Qxd3 Qc7 9. Bg5 Bd7 10. Ne5 Ne4 11. Bf4 Nd6 12. Nxd7 Qxd7 13. Bxd6 Qxd6 14. Qb5+
Qc6 15. Qxc6+ bxc6 16. Nd2 Rb8 17. Rab1 e6 18. Rfe1 Bd6 19. g3 Kd7 20. Kf1 Rb6
21. Ke2 Rhb8 22. b4 h6 23. f4 g5 24. fxg5 hxg5 25. Rf1 f5 26. Nf3 g4 27. Ne5+
Bxe5 28. dxe5 a5 29. Rf4 c5 30. a3 cxb4 31. cxb4 Rh8 32. Rh1 a4 33. Kd3 Rc8 34.
h4 Rbc6 35. h5 Rc3+ 36. Ke2 Rxg3 37. Kd2 Rxa3 38. h6 {White resigns} 0-1

[Event "Team 45 45 League T48"]
[Site "Internet Chess Club"]
[Date "2011.02.24"]
[Round "2"]
[White "joaoazm"]
[Black "chips"]
[Result "0-1"]
[WhiteElo "1162"]
[BlackElo "1224"]
[Opening "King's pawn opening"]
[ECO "B07"]
[Time "20:37:19"]
[TimeControl "2700+45"]

1. e4 d6 2. f4 Nf6 3. Nc3 g6 4. d3 Bg7 5. Be2 O-O 6. Nf3 Nbd7 7. Be3 Ng4 8. Qd2
Nxe3 9. Qxe3 Nf6 10. h3 a6 11. O-O Nh5 12. Nh2 Nf6 13. Rab1 c5 14. Nd5 Nxd5 15.
exd5 {White resigns} 0-1

[Event "Team 45 45 League T48"]
[Site "Internet Chess Club"]
[Date "2011.02.19"]
[Round "2"]
[White "baseball613"]
[Black "The-Capitalist"]
[Result "1-0"]
[WhiteElo "1414"]
[BlackElo "1446"]
[Opening "Queen's bishop game"]
[ECO "D02"]
[Time "09:00:26"]
[TimeControl "2700+45"]

1. d4 d5 2. Nf3 Nf6 3. Bf4 c5 4. c3 Qb6 5. Qb3 Nc6 6. e3 c4 7. Qxb6 axb6 8. Nbd2
b5 9. Be2 Bf5 10. h3 h6 11. O-O g5 12. Bh2 Bg7 13. b3 cxb3 14. axb3 Na7 15.
Bxb5+ Bd7 16. Bxd7+ Nxd7 17. Ra5 e6 18. Rfa1 Rc8 19. Rxa7 Rxc3 20. Rxb7 Ke7 21.
Ra6 Rc1+ 22. Nf1 Rhc8 23. Bd6+ Kd8 24. Raa7 Bf8 25. Rxd7+ Ke8 26. Bxf8 Kxf8 27.
Rxf7+ Kg8 28. Rg7+ Kf8 29. Raf7+ Ke8 30. Re7+ Kd8 31. Rxe6 R1c7 32. Rxc7 Rxc7
33. Rxh6 Rb7 34. N1d2 {Black resigns} 1-0

[Event "Team 45 45 League T48"]
[Site "Internet Chess Club"]
[Date "2011.02.19"]
[Round "2"]
[White "kingsrook"]
[Black "wildcat2023"]
[Result "1-0"]
[WhiteElo "1234"]
[BlackElo "1254"]
[Opening "Colle system"]
[ECO "D05"]
[Time "13:00:53"]
[TimeControl "2700+45"]

1. d4 d5 2. Nf3 Nf6 3. e3 e6 4. Bd3 c5 5. c3 Nc6 6. Nbd2 Bd6 7. O-O O-O 8. e4
dxe4 9. Nxe4 Nxe4 10. Bxe4 Qc7 11. Bxh7+ Kxh7 12. Ng5+ Kg8 13. Qh5 Rd8 14. Qh7+
Kf8 15. Qh8+ Ke7 16. Qxg7 Bxh2+ 17. Kh1 Rf8 18. Re1 Bd7 19. Nf3 Rh8 20. Bg5+ Kd6
21. dxc5+ Kxc5 22. Be3+ Kd6 23. Rad1+ Ke7 24. Bg5+ Ke8 25. Qxh8# {Black
checkmated} 1-0

[Event "Team 45 45 League T48"]
[Site "Internet Chess Club"]
[Date "2011.02.21"]
[Round "2"]
[White "iwin2"]
[Black "kjs110"]
[Result "1-0"]
[WhiteElo "1209"]
[BlackElo "1077"]
[Opening "Caro-Kann: exchange variation"]
[ECO "B13"]
[Time "10:30:08"]
[TimeControl "2700+45"]

1. e4 c6 2. d4 d5 3. exd5 cxd5 4. Bd3 Nc6 5. c3 e6 6. Bf4 Nf6 7. Nd2 Bd6 8. Bxd6
Qxd6 9. Ngf3 O-O 10. O-O b6 11. Qe2 Bb7 12. Ne5 Nd7 13. Nxd7 Qxd7 14. Qh5 g6 15.
Qh3 f5 16. Nf3 Qe7 17. Ne5 Nxe5 18. dxe5 Qc7 19. f4 Bc6 20. Rf3 Ba4 21. b3 Qxc3
22. Rb1 Bd7 23. Bxf5 Qd4+ 24. Kh1 exf5 25. Qg3 Bb5 26. Qh4 Be2 27. Rh3 Rf7 28.
e6 Re7 29. Qxe7 Rc8 30. Qxh7+ Kf8 31. Qf7# {Black checkmated} 1-0

[Event "Team 45 45 League T48"]
[Site "Internet Chess Club"]
[Date "2011.02.17"]
[Round "2"]
[White "KidRattler"]
[Black "Nosaj"]
[Result "0-1"]
[WhiteElo "1200"]
[BlackElo "1346"]
[Opening "English: Carls' Bremen system"]
[ECO "A22"]
[Time "17:49:24"]
[TimeControl "2700+45"]

1. c4 e5 2. Nc3 Nf6 3. g3 Bc5 4. e3 Nc6 5. Qc2 d5 6. cxd5 Nxd5 7. Qd3 Ncb4 8.
Qb1 Nxc3 9. bxc3 Nc6 10. Bg2 O-O 11. Qb5 Bb6 12. Bxc6 bxc6 13. Qxc6 Bd7 14. Qc4
Be6 15. Qe2 f5 16. Ba3 Rf7 17. Nf3 e4 18. Nd4 Bd5 19. Qb5 a6 20. Qe2 c5 21. Nb3
Rc8 22. Bb2 Bb7 23. a3 a5 24. Rd1 Ra8 25. d3 Qd5 26. Nc1 exd3 27. Qf1 c4 28. Rg1
Qe5 29. Nxd3 cxd3 30. Qxd3 Bf3 31. Rd2 Rd8 32. Qc2 Rxd2 33. Qxd2 Rf8 34. c4 Qe4
35. Qc3 Rf6 36. c5 Bc7 37. Qb3+ Rf7 38. Qb5 Qb1+ 39. Kd2 Qe4 40. Qd3 Qc6 41. Rc1
Rd7 42. Kc3 Rxd3+ 43. Kxd3 Qd5+ 44. Kc2 Be4+ 45. Kc3 Qd3# {White checkmated} 0-1

[Event "Team 45 45 League T48"]
[Site "Internet Chess Club"]
[Date "2011.02.21"]
[Round "2"]
[White "Cicero"]
[Black "JimGaming"]
[Result "1-0"]
[WhiteElo "1393"]
[BlackElo "1264"]
[Opening "Sicilian defense"]
[ECO "B20"]
[Time "20:00:12"]
[TimeControl "2700+45"]

1. e4 c5 2. Na3 g6 3. c3 Bg7 4. Nf3 Nf6 5. e5 Ng4 6. Be2 Nxe5 7. O-O Nxf3+ 8.
Bxf3 O-O 9. Nc2 d6 10. d4 Nd7 11. d5 Ne5 12. Be2 a6 13. f4 Nd7 14. Kh1 f5 15.
Ne1 Nf6 16. a4 b6 17. c4 e6 18. Bd3 exd5 19. cxd5 Kh8 20. Ra3 Bb7 21. Bc4 Ne4
22. Nf3 h6 23. Nd2 Nxd2 24. Bxd2 Bxb2 25. Bc3+ Bxc3 26. Rxc3 Qd7 27. Qb3 Qc7 28.
Qb2 Kh7 29. Rff3 b5 30. Rh3 bxc4 31. Rxh6+ Kg8 32. Rh8+ Kxh8 33. Rh3+ Kg8 34.
Qh8+ Kf7 35. Qh7+ Ke8 36. Qxc7 Bxd5 37. Rh7 Rf7 38. Rxf7 Bxf7 39. Qc6+ Ke7 40.
Qxa8 c3 41. Qf3 c2 42. Qe2+ Kd7 43. Qxc2 a5 44. Qb2 d5 45. Qb5+ Kd6 46. Qxa5 d4
47. Qb6+ Kd5 48. Qb7+ Kc4 49. Qxf7+ Kc3 50. Qd5 c4 51. Kg1 d3 52. Kf2 Kb3 53.
Ke1 Kc3 54. Kd1 g5 55. fxg5 f4 56. g6 f3 57. gxf3 Kb4 58. g7 c3 59. Qxd3 Kxa4
60. g8=Q Kb4 61. Qdc4+ Ka3 62. Qb3# {Black checkmated} 1-0

[Event "Team 45 45 League T48"]
[Site "Internet Chess Club"]
[Date "2011.02.17"]
[Round "2"]
[White "farbror"]
[Black "chips"]
[Result "1-0"]
[WhiteElo "1255"]
[BlackElo "1210"]
[Opening "Queen's pawn: English defense"]
[ECO "A40"]
[Time "14:09:48"]
[TimeControl "2700+45"]

1. d4 b6 2. Bf4 Bb7 3. e3 Nf6 4. Nf3 d6 5. Bd3 g6 6. Nbd2 Bg7 7. c3 Nbd7 8. O-O
c5 9. Rc1 O-O 10. e4 cxd4 11. cxd4 Rc8 12. Qe2 Rxc1 13. Rxc1 Qb8 14. Ba6 Rc8 15.
Rxc8+ Qxc8 16. Bc4 a6 17. Ng5 b5 18. Bxf7+ Kh8 19. Be6 Qc1+ 20. Qf1 Qxb2 21.
Nf7+ Kg8 22. Nxd6+ Kf8 23. Nxb7 Qxd4 24. Bxd7 Nxd7 25. Qe2 Qa1+ 26. Nf1 e5 27.
Bg3 Kg8 28. Qd2 Qd4 29. Qxd4 exd4 30. f3 Be5 31. Bxe5 Nxe5 32. Kf2 Nd3+ 33. Ke2
Nc1+ 34. Kd2 Nxa2 35. Kd3 Nc1+ 36. Kxd4 Ne2+ 37. Kd3 Nc1+ 38. Kc2 Ne2 39. Nc5 a5
40. Nd2 a4 41. Kb2 Nf4 42. g3 Ne2 43. f4 Kf7 44. Ka3 Nc3 45. e5 Ke7 46. Nde4
Nxe4 47. Nxe4 Ke6 48. Nd6 h6 49. Nxb5 g5 50. Kxa4 gxf4 51. gxf4 h5 52. Nc3 Kf5
53. Ne2 h4 54. Kb5 Ke6 55. Kc4 h3 56. Kd4 Ke7 57. Ke4 Ke6 58. f5+ Kf7 59. e6+
Ke7 60. Nf4 Kf6 61. Nxh3 Ke7 62. Ng5 Kf6 63. Kf4 Ke7 64. h4 Kf6 65. h5 Kg7 66.
Ke5 Kh8 67. Kd6 Kg8 68. Kd7 Kf8 69. e7+ Kg7 70. e8=Q Kh6 71. Ne6 Kh7 72. Qg6+
Kh8 73. Qg7# {Black checkmated} 1-0

[Event "Team 45 45 League T48"]
[Site "Internet Chess Club"]
[Date "2011.02.21"]
[Round "2"]
[White "lawth3"]
[Black "MeansToAnEnd"]
[Result "1-0"]
[WhiteElo "1228"]
[BlackElo "1175"]
[Opening "QGD: Marshall defense"]
[ECO "D06"]
[Time "21:00:43"]
[TimeControl "2700+45"]

1. d4 d5 2. c4 Nf6 3. Nf3 Bf5 4. e3 e6 5. a3 dxc4 6. Bxc4 a5 7. Nc3 c6 8. O-O b5
9. Bd3 Bxd3 10. Qxd3 a4 11. Bd2 Bd6 12. e4 O-O 13. e5 Bxe5 14. Nxe5 Nbd7 15. Qg3
Nc5 16. Bh6 Nh5 17. Qg4 g6 18. Bxf8 Kxf8 19. dxc5 f5 20. Qd1 Qc7 21. Qd6+ Qxd6
22. cxd6 Rd8 23. d7 Nf6 24. Rad1 Kg7 25. f4 Kf8 26. Nxc6 Rxd7 27. Rxd7 Nxd7 28.
Nxb5 Nc5 29. Rd1 Ne4 30. Nc3 {Black resigns} 1-0

[Event "Team 45 45 League T48"]
[Site "Internet Chess Club"]
[Date "2011.02.19"]
[Round "2"]
[White "Salvatore"]
[Black "Packerfan"]
[Result "0-1"]
[WhiteElo "1640"]
[BlackElo "1798"]
[Opening "Queen's pawn game"]
[ECO "A45"]
[Time "16:02:35"]
[TimeControl "2700+45"]

1. d4 Nf6 2. Nc3 g6 3. Bg5 Bg7 4. e4 d6 5. Qd2 O-O 6. f3 e5 7. d5 Nbd7 8. O-O-O
a6 9. Bh6 b5 10. Bxg7 Kxg7 11. g4 h5 12. gxh5 Nxh5 13. Nge2 Nc5 14. h4 b4 15.
Nb1 a5 16. Qe3 Ba6 17. f4 Bd3 18. cxd3 Rc8 19. d4 Nd7 20. f5 c6 21. Kd2 cxd5 22.
Ng3 Nf4 23. h5 Qc7 24. Ke1 Nf6 25. hxg6 fxg6 26. fxg6 Rh8 27. Nf5+ Kg8 28. Rxh8+
Kxh8 29. g7+ Kg8 30. Qg3 N6h5 31. Nh6+ Kh7 32. g8=Q+ Rxg8 33. Qxg8+ Kxh6 34.
Qh8+ Kg5 35. Nd2 Qc2 36. Qd8+ Kg4 37. Qd7+ Kg3 38. Qxd6 dxe4 39. Qxe5 a4 40.
Nxe4+ Kf3 41. Nd2+ Kg4 42. Be2+ Kg3 43. Qe3+ Kh2 44. Qf2+ Ng2+ 45. Kf1 Ng3+ 46.
Qxg3+ Kxg3 47. Nc4 Qf5+ 48. Kg1 Qf2+ 49. Kh1 Qxe2 50. Rg1 {White resigns} 0-1

[Event "Team 45 45 League T48"]
[Site "Internet Chess Club"]
[Date "2011.02.17"]
[Round "2"]
[White "montgomerydvd"]
[Black "Berke"]
[Result "1/2-1/2"]
[WhiteElo "1591"]
[BlackElo "1519"]
[Opening "Four knights: Italian variation"]
[ECO "C47"]
[Time "09:00:26"]
[TimeControl "2700+45"]

1. e4 e5 2. Nf3 Nc6 3. Nc3 Nf6 4. Bc4 Be7 5. O-O O-O 6. a3 d6 7. Re1 Bg4 8. Be2
Bxf3 9. Bxf3 Nd4 10. Nd5 Nxd5 11. exd5 f5 12. c3 Nxf3+ 13. Qxf3 Qd7 14. d3 Rf7
15. Bd2 Raf8 16. Rac1 Qb5 17. Rb1 Qa4 18. c4 Qd7 19. Rf1 Bh4 20. Qh5 Bf6 21. f4
Qe7 22. Rbe1 g6 23. Qf3 Qd7 24. Bc3 Re7 25. Re2 Rfe8 26. Rfe1 Kf7 27. Kf1 Bh4
28. g3 Bf6 {Game drawn by mutual agreement} 1/2-1/2

[Event "Team 45 45 League T48"]
[Site "Internet Chess Club"]
[Date "2011.02.21"]
[Round "2"]
[White "krysto"]
[Black "ChessLordddd"]
[Result "0-1"]
[WhiteElo "1479"]
[BlackElo "1727"]
[Opening "French: exchange variation"]
[ECO "C01"]
[Time "17:00:14"]
[TimeControl "2700+45"]

1. e4 e6 2. d4 d5 3. exd5 exd5 4. Nf3 Nf6 5. Bd3 Bd6 6. O-O O-O 7. Bg5 Bg4 8.
Nbd2 Nbd7 9. c3 c6 10. Qc2 Qc7 11. h3 Bh5 12. Rfe1 Rfe8 13. Bxf6 Nxf6 14. Ng5
Bg6 15. Bxg6 hxg6 16. Kf1 Bf4 17. Ngf3 Rad8 18. Kg1 Re7 19. Rxe7 Qxe7 20. Re1
Qc7 21. Ne5 Re8 22. Ndf3 Nd7 23. Re2 Nxe5 24. Nxe5 Bxe5 25. f4 Bxd4+ 26. cxd4
Rxe2 27. Qxe2 Qxf4 28. Qf2 Qxf2+ 29. Kxf2 Kf8 30. Kf3 Ke7 31. Kf4 b6 32. g4 c5
33. dxc5 bxc5 34. Ke5 d4 35. Ke4 a5 36. b3 Ke6 37. h4 f5+ 38. gxf5+ gxf5+ 39.
Kd3 Ke5 {White resigns} 0-1

[Event "Team 45 45 League T48"]
[Site "Internet Chess Club"]
[Date "2011.02.21"]
[Round "2"]
[White "mongmong"]
[Black "milesotoole"]
[Result "1-0"]
[WhiteElo "1633"]
[BlackElo "1501"]
[Opening "Colle system"]
[ECO "A46"]
[Time "18:44:10"]
[TimeControl "2700+45"]

1. d4 Nf6 2. Nf3 e6 3. e3 c5 4. c3 d5 5. Bd3 Be7 6. Nbd2 O-O 7. dxc5 Bxc5 8. O-O
b6 9. e4 dxe4 10. Nxe4 Bb7 11. Nxf6+ Qxf6 12. Bg5 Bxf3 13. Bxf6 Bxd1 14. Rfxd1
gxf6 15. Be4 {Black resigns} 1-0

[Event "Team 45 45 League T48"]
[Site "Internet Chess Club"]
[Date "2011.02.20"]
[Round "2"]
[White "heartbreakkid"]
[Black "tourettes"]
[Result "1-0"]
[WhiteElo "1731"]
[BlackElo "1478"]
[Opening "French defense"]
[ECO "C00"]
[Time "12:16:47"]
[TimeControl "2700+45"]

1. e4 e6 2. Nc3 Bb4 3. e5 Bxc3 4. dxc3 Ne7 5. Nf3 Ng6 6. Bg5 Ne7 7. Nd4 h6 8.
Qh5 b6 9. O-O-O Bb7 10. Nxe6 Qc8 11. Nxg7+ Kf8 12. Bxh6 Kg8 13. Qg5 Ng6 14. Nh5
Rh7 15. e6 dxe6 16. Rd8+ {Black resigns} 1-0

[Event "Team 45 45 League T48"]
[Site "Internet Chess Club"]
[Date "2011.02.18"]
[Round "2"]
[White "rainden"]
[Black "BotanicalKnight"]
[Result "0-1"]
[WhiteElo "1457"]
[BlackElo "1594"]
[Opening "Caro-Kann defense"]
[ECO "B12"]
[Time "20:07:09"]
[TimeControl "2700+45"]

1. e4 c6 2. d4 d5 3. Nf3 Bg4 4. exd5 cxd5 5. Be2 Nc6 6. h3 Bh5 7. c3 Nf6 8. Bf4
e6 9. c4 dxc4 10. Bxc4 Be7 11. O-O O-O 12. Be3 Qc7 13. Nc3 a6 14. Bb3 b5 15. a3
Rfd8 16. Qe2 Na5 17. Bc2 Nc4 18. b3 Nxa3 19. Rxa3 Bxa3 20. Ne4 Nd5 21. Nc5 Nxe3
22. Qxe3 Bxf3 23. Qxf3 Bxc5 24. dxc5 Qxc5 25. Rc1 Qg5 26. Rd1 Rxd1+ 27. Bxd1 Rd8
28. Be2 Qd5 29. Qg4 Qxb3 30. Qg5 Rf8 31. Qg4 Qb1+ 32. Kh2 Qf5 {White resigns}
0-1

[Event "Team 45 45 League T48"]
[Site "Internet Chess Club"]
[Date "2011.02.20"]
[Round "2"]
[White "vollmerj"]
[Black "SirIvanhoe"]
[Result "1-0"]
[WhiteElo "1726"]
[BlackElo "1448"]
[Opening "Two knights defense"]
[ECO "C55"]
[Time "13:15:24"]
[TimeControl "2700+45"]

1. e4 e5 2. Nf3 Nc6 3. Bc4 Nf6 4. O-O Nxe4 5. Re1 Nf6 6. Nxe5 Nxe5 7. Rxe5+ Be7
8. Qe1 d6 9. Re2 Bf5 10. d3 d5 11. Bb3 c6 12. Bg5 Be6 13. Nc3 O-O 14. Nd1 Nd7
15. Bxe7 Qxe7 16. Ne3 Qg5 17. g3 Bh3 18. Ng2 Nf6 19. Nf4 Bg4 20. Re5 Qh6 21. Qb4
Bf3 22. h3 Rab8 23. Rae1 Nd7 24. Re7 g5 25. Rxd7 gxf4 26. Qxf4 Qxf4 27. gxf4 Kh8
28. Re5 Rg8+ 29. Rg5 f6 30. Rg3 Rbe8 31. Kh2 Be2 32. Rxb7 Bf1 33. Rxa7 Rxg3 34.
Kxg3 Rg8+ 35. Kh4 Rg2 36. Rf7 Rxf2 37. Kg3 Rg2+ 38. Kf3 Rg6 39. h4 Kg8 40. Rc7
f5 41. c4 Bg2+ 42. Kf2 Bh1 43. Rd7 Rg2+ 44. Ke3 Rxb2 45. cxd5 Bxd5 46. Bxd5+
cxd5 47. Rxd5 Rxa2 48. Rxf5 Kg7 49. Ke4 Re2+ 50. Kd4 Kg6 51. Re5 Rh2 52. h5+
Rxh5 53. Rxh5 Kxh5 54. f5 Kh6 55. Ke5 Kg7 56. Ke6 Kf8 57. Kf6 h5 58. Kg5 Kf7 59.
Kxh5 Kf6 60. Kg4 {Black resigns} 1-0

[Event "Team 45 45 League T48"]
[Site "Internet Chess Club"]
[Date "2011.02.18"]
[Round "2"]
[White "Just-Jim"]
[Black "medsurg"]
[Result "1-0"]
[WhiteElo "1339"]
[BlackElo "1350"]
[Opening "Petrov: modern attack, Symmetrical variation"]
[ECO "C43"]
[Time "19:00:32"]
[TimeControl "2700+45"]

1. e4 e5 2. Nf3 Nf6 3. d4 Nxe4 4. dxe5 d5 5. Be3 Be7 6. Bd3 O-O 7. h3 b6 8. Bxe4
dxe4 9. Nfd2 Bb7 10. O-O Nd7 11. f4 f6 12. e6 Nc5 13. f5 Qd5 14. Qg4 g5 15. h4
Nxe6 16. fxe6 f5 17. Qg3 f4 18. Bxf4 Kh8 19. Be5+ Kg8 20. Nc3 Qxe6 21. Ncxe4 h6
22. hxg5 h5 23. Nf6+ Bxf6 24. gxf6+ Kh7 25. Qg7# {Black checkmated} 1-0

[Event "Team 45 45 League T48"]
[Site "Internet Chess Club"]
[Date "2011.02.19"]
[Round "2"]
[White "dabodhi"]
[Black "CoasterBrake"]
[Result "1-0"]
[WhiteElo "1226"]
[BlackElo "1173"]
[Opening "Queen's pawn game"]
[ECO "D00"]
[Time "16:00:28"]
[TimeControl "2700+45"]

1. d4 d5 2. e3 Nc6 3. c3 e5 4. dxe5 Nxe5 5. Nd2 Nf6 6. h3 Be7 7. Ngf3 Qd6 8.
Nxe5 Qxe5 9. Bb5+ c6 10. Bd3 Be6 11. O-O Qd6 12. b3 O-O 13. Bb2 Qd7 14. Qf3 g6
15. Rad1 Ne8 16. c4 Nd6 17. Rfe1 Bf5 18. e4 dxe4 19. Bxe4 Nxe4 20. Nxe4 Qc8 21.
Nd6 Bxd6 22. Rxd6 Rd8 23. Qc3 f6 24. Qxf6 Qc7 25. Qh8+ Kf7 26. Qxh7+ Kf8 27.
Qxc7 {Black resigns} 1-0

[Event "Team 45 45 League T48"]
[Site "Internet Chess Club"]
[Date "2011.02.20"]
[Round "2"]
[White "theartist"]
[Black "carolinaknight"]
[Result "0-1"]
[WhiteElo "1186"]
[BlackElo "1211"]
[Opening "French: advance, Nimzovich system"]
[ECO "C02"]
[Time "08:02:36"]
[TimeControl "2700+45"]

1. d4 e6 2. e4 d5 3. e5 c5 4. Nf3 Qb6 5. Nc3 Bd7 6. Be2 Nc6 7. Nb5 cxd4 8. Nbxd4
a6 9. c3 Nge7 10. Qb3 Qc7 11. Bf4 Ng6 12. Bg3 Be7 13. O-O O-O 14. Rfe1 Ncxe5 15.
Nxe5 Nxe5 16. Bd1 Bd6 17. Qc2 h6 18. Qe2 f6 19. Nf3 Bb5 20. Qe3 Bc5 21. Nd4 Rfe8
22. Bxe5 fxe5 23. Qxe5 Bd6 24. Qh5 Bd7 25. h3 Qd8 26. Bg4 Qf6 27. Re3 Re7 28.
Rae1 Be8 29. Rf3 Bxh5 30. Rxf6 gxf6 31. Bxe6+ Bf7 32. Bxf7+ Kxf7 33. Rxe7+ Bxe7
34. Nf5 Bf8 35. g4 Re8 36. Kf1 Kg6 37. Ne3 Rd8 38. Nf5 Rd7 39. Ke2 Bc5 40. f4
Bd6 41. Ke3 Bc5+ 42. Kd3 b5 43. b4 Bb6 44. a3 a5 45. h4 Kh7 46. g5 hxg5 47. fxg5
fxg5 48. hxg5 Kg6 49. Nd4 Kxg5 50. Nc6 a4 51. Ne5 Rg7 52. Ke2 Re7 {White
resigns} 0-1

[Event "Team 45 45 League T48"]
[Site "Internet Chess Club"]
[Date "2011.02.21"]
[Round "2"]
[White "bhandelman"]
[Black "WzeroMN"]
[Result "1-0"]
[WhiteElo "1107"]
[BlackElo "1128"]
[Opening "Giuoco Piano"]
[ECO "C50"]
[Time "09:01:09"]
[TimeControl "2700+45"]

1. e4 e5 2. Nf3 Nc6 3. Bc4 Bc5 4. O-O Nf6 5. Nc3 O-O 6. d3 d6 7. Qe2 Bg4 8. Be3
Bxe3 9. Qxe3 Bxf3 10. Qxf3 Nd4 11. Qd1 c6 12. Re1 b5 13. Bb3 a5 14. a4 b4 15.
Ne2 Nxb3 16. cxb3 c5 17. Ng3 d5 18. Rc1 Rc8 19. d4 cxd4 20. Rxc8 Qxc8 21. exd5
Qc7 22. Qf3 Qd6 23. Ne4 Nxd5 24. Nxd6 {Black resigns} 1-0

[Event "Team 45 45 League T48"]
[Site "Internet Chess Club"]
[Date "2011.02.18"]
[Round "2"]
[White "BrianWood"]
[Black "browndeer"]
[Result "1-0"]
[WhiteElo "1358"]
[BlackElo "1164"]
[Opening "Grünfeld: 4.Bf4"]
[ECO "D82"]
[Time "22:00:43"]
[TimeControl "2700+45"]

1. d4 Nf6 2. c4 g6 3. Nc3 d5 4. Bf4 e6 5. Nf3 c6 6. e3 Bg7 7. cxd5 cxd5 8. Nb5
e5 9. dxe5 Ne4 10. Qxd5 Qxd5 11. Nc7+ Ke7 12. Nxd5+ Kd7 13. Bb5+ Kd8 14. Ng5 Nc6
15. Nxf7+ Ke8 16. Nxh8 Bxh8 17. Nc7+ Kd8 18. Nxa8 Bd7 19. Rd1 Kc8 20. f3 Nc5 21.
O-O Bg7 22. Rxd7 Kxd7 23. Rd1+ Kc8 24. Bxc6 bxc6 25. Rc1 Bf8 26. b4 Nd3 27.
Rxc6+ Kb7 28. b5 Nb4 29. Rc7+ Kb8 30. e6 Nd5 31. Rf7+ Kxa8 32. Rxf8+ Kb7 33.
Rb8# {Black checkmated} 1-0

[Event "Team 45 45 League T48"]
[Site "Internet Chess Club"]
[Date "2011.02.22"]
[Round "2"]
[White "kingsleywang"]
[Black "Knight2night"]
[Result "0-1"]
[WhiteElo "1267"]
[BlackElo "1232"]
[Opening "Sicilian: dragon, classical attack"]
[ECO "B73"]
[Time "14:00:55"]
[TimeControl "2700+45"]

1. e4 c5 2. Nf3 d6 3. d4 cxd4 4. Nxd4 Nf6 5. Nc3 g6 6. Be2 Bg7 7. Be3 O-O 8. O-O
Nc6 9. Nf3 Ng4 10. h3 Nxe3 11. fxe3 Bxc3 12. bxc3 Qb6 13. Qd3 Qa5 14. Nd4 Ne5
15. Qd2 Be6 16. Nxe6 fxe6 17. Rab1 Rxf1+ 18. Bxf1 b6 19. Ra1 Rc8 20. Qd4 Qxc3
21. Qxc3 Rxc3 22. Rc1 Rxe3 23. Kf2 Rxe4 24. Bd3 Ra4 25. Ra1 Nxd3+ 26. cxd3 b5
27. Ke3 a5 28. Kd2 b4 29. Kc2 Ra3 30. d4 b3+ 31. Kb2 Rxa2+ 32. Rxa2 bxa2 33.
Kxa2 e5 34. dxe5 dxe5 35. Ka3 e4 36. Kb3 e3 37. Kc3 a4 38. Kd3 e2 39. Kxe2 a3
40. Kd2 a2 41. Kc2 a1=Q 42. Kb3 Qc1 43. Kb4 Qc2 44. Ka3 e5 45. Kb4 e4 46. Ka3 e3
47. Kb4 e2 48. Ka3 e1=Q 49. g4 Qeb1 50. g5 Qca2# {White checkmated} 0-1

[Event "Team 45 45 League T48"]
[Site "Internet Chess Club"]
[Date "2011.02.19"]
[Round "2"]
[White "almond123"]
[Black "sockmonkey"]
[Result "0-1"]
[WhiteElo "1056"]
[BlackElo "1049"]
[Opening "Caro-Kann: classical variation"]
[ECO "B18"]
[Time "13:30:35"]
[TimeControl "2700+45"]

1. e4 c6 2. d4 d5 3. Nc3 dxe4 4. Nxe4 Bf5 5. Nc3 e6 6. Nf3 Nd7 7. Bc4 Ngf6 8.
O-O h6 9. Bf4 Be7 10. Be5 Nxe5 11. dxe5 Ne4 12. Ne2 O-O 13. Bd3 Qb6 14. Qe1 Qxb2
15. Bxe4 Bxe4 16. Nd2 Qxc2 17. Nd4 Qd3 18. Nxe4 Qxd4 19. Rc1 Qxe5 20. Qe2 Bd6
21. g3 f5 22. Nc3 Rad8 23. Qxe5 Bxe5 24. Ne2 Rd2 25. Rce1 Rxa2 26. f4 Bd6 27.
Kh1 Bb4 28. Ra1 Rxe2 29. Rxa7 b5 30. Rc7 Rc2 31. Rd1 Ra8 32. Rcd7 Kh7 33. R7d4
Raa2 34. Rxb4 Rxh2+ 35. Kg1 Rhg2+ 36. Kf1 Raf2+ 37. Ke1 Re2+ 38. Kf1 Ref2+ 39.
Ke1 Re2+ 40. Kf1 Rh2 41. Rd6 Reg2 42. Rxc6 Ra2 43. Kg1 Rhd2 44. Rb1 Rdb2 45. Re1
b4 46. Rcxe6 b3 47. Rb6 Rg2+ 48. Kf1 Raf2# {White checkmated} 0-1